| TOP OF THE 1ST |
|
Texas (APP) Rangers batting - Pitching for Greeneville Astros : RHP David Sanchez
|
|
Pitching: RHP David Sanchez
|
|
|
Batting: SHB Tim Rogers
|
0-0: Ball 1-0: Ground out 4-3 (Groundball, 4, EV 88.1 MPH)
|
|
Batting: RHB Evan Fry
|
0-0: Foul Ball, location: 2F 0-1: Swinging Strike 0-2: Foul Ball, location: 2F 0-2: Ball 1-2: Ball 2-2: SINGLE (Groundball, 4M, EV 102.5 MPH) (infield hit)
|
|
Batting: RHB Jerry Foster
|
0-0: Swinging Strike 0-1: Ball 1-1: Called Strike 1-2: Fly out, F8 (Flyball, 8RS, EV 93.1 MPH)
|
|
Batting: LHB Alex Rivera
|
0-0: Ball 1-0: Fielders Choice at 2nd, 5-4 (Groundball, 56, EV 84.4 MPH)
|
| Top of the 1st over - 0 runs, 1 hit, 0 errors, 1 left on base; Texas (APP) 0 - Greeneville 0 |
| BOTTOM OF THE 1ST |
|
Greeneville Astros batting - Pitching for Texas (APP) Rangers : RHP Rick Madden
|
|
Pitching: RHP Rick Madden
|
|
|
Batting: SHB Steve Ramsey
|
0-0: Called Strike 0-1: Foul Ball, location: 2F 0-2: Ball 1-2: Strikes out swinging
|
|
Batting: SHB Rory Mozer
|
0-0: Called Strike 0-1: Called Strike 0-2: Ball 1-2: Foul Ball, location: 2F 1-2: DOUBLE (Flyball, 8RD, EV 95.6 MPH)
|
|
Batting: LHB Josh Glass
|
0-0: Ball 1-0: Fly out, F8 (Flyball, 8LXD, EV 94.4 MPH) Runner from 2nd tags up, SAFE at 3rd, no throw by CF
|
|
Batting: LHB Guadalupe Gonzalez
|
0-0: Called Strike 0-1: Called Strike 0-2: Ground out 6-3 (Groundball, 4M, EV 96.9 MPH)
|
| Bottom of the 1st over - 0 runs, 1 hit, 0 errors, 1 left on base; Texas (APP) 0 - Greeneville 0 |
| TOP OF THE 2ND |
|
Texas (APP) Rangers batting - Pitching for Greeneville Astros : RHP David Sanchez
|
|
Batting: RHB Ryan Salas
|
0-0: Swinging Strike 0-1: Fly out, F7 (Flyball, 78S, EV 80.6 MPH)
|
|
Batting: RHB Josh Shoemaker
|
0-0: Ball 1-0: Ball 2-0: Called Strike 2-1: Ball 3-1: Base on Balls
|
|
Batting: LHB Bobby Scott
|
0-0: Fielders Choice at 2nd, 6-4 (Groundball, 6M, EV 87.5 MPH)
|
|
Batting: SHB Tyler Romo
|
0-0: Called Strike 0-1: Ball 1-1: Hit by Pitch Bobby Scott to second
|
|
Batting: RHB Pat Martin
|
0-0: Ball 1-0: Called Strike 1-1: DOUBLE (Flyball, 8LD, EV 90.6 MPH) Bobby Scott scores Tyler Romo to third Runner from 3rd tries for Home, throw by CF and OUT! 8-6-2
|
| Top of the 2nd over - 1 run, 1 hit, 0 errors, 1 left on base; Texas (APP) 1 - Greeneville 0 |
| BOTTOM OF THE 2ND |
|
Greeneville Astros batting - Pitching for Texas (APP) Rangers : RHP Rick Madden
|
|
Batting: RHB Jamie Walker
|
0-0: Ball 1-0: SINGLE (Line Drive, 78S, EV 88.8 MPH)
|
|
Batting: RHB Josh Reisner
|
0-0: Foul Ball, location: 2F 0-1: Ball 1-1: Called Strike 1-2: Ball 2-2: Strikes out looking
|
|
Batting: LHB Bob Neale
|
0-0: Called Strike 0-1: Foul Ball, location: 2F 0-2: Ball 1-2: Ball 2-2: Ball 3-2: Foul Ball, location: 2F 3-2: Strikes out looking Jamie Walker is caught stealing 2nd base 2-6 Batter strikes out.
|
| Bottom of the 2nd over - 0 runs, 1 hit, 0 errors, 0 left on base; Texas (APP) 1 - Greeneville 0 |
| TOP OF THE 3RD |
|
Texas (APP) Rangers batting - Pitching for Greeneville Astros : RHP David Sanchez
|
|
Batting: SHB Tim Rogers
|
0-0: Ball 1-0: Ground out 4-3 (Groundball, 4, EV 81.2 MPH)
|
|
Batting: RHB Evan Fry
|
0-0: Ball 1-0: Swinging Strike 1-1: Ball 2-1: Foul Ball, location: 2F 2-2: Ball 3-2: Fly out, F6 (Line Drive, 6, EV 62.5 MPH)
|
|
Batting: RHB Jerry Foster
|
0-0: Foul Ball, location: 2F 0-1: Ball 1-1: Called Strike 1-2: Foul Ball, location: 2F 1-2: Ball 2-2: Ball 3-2: Fly out, F4 (Popup, 34S, EV 83.8 MPH)
|
| Top of the 3rd over - 0 runs, 0 hits, 0 errors, 0 left on base; Texas (APP) 1 - Greeneville 0 |
| BOTTOM OF THE 3RD |
|
Greeneville Astros batting - Pitching for Texas (APP) Rangers : RHP Rick Madden
|
|
Batting: LHB Casper Significant
|
0-0: Fly out, F7 (Line Drive, 7, EV 98.8 MPH)
|
|
Batting: RHB Daniel Gladkowski
|
0-0: Called Strike 0-1: Swinging Strike 0-2: Ball 1-2: Strikes out swinging
|
|
Batting: SHB Steve Ramsey
|
0-0: Hit by Pitch
|
|
Batting: SHB Rory Mozer
|
0-0: Called Strike Steve Ramsey is caught stealing 2nd base 2-6
|
| Bottom of the 3rd over - 0 runs, 0 hits, 0 errors, 0 left on base; Texas (APP) 1 - Greeneville 0 |
| TOP OF THE 4TH |
|
Texas (APP) Rangers batting - Pitching for Greeneville Astros : RHP David Sanchez
|
|
Batting: LHB Alex Rivera
|
0-0: Ball 1-0: Called Strike 1-1: Foul Ball, location: 2F 1-2: Foul Ball, location: 2F 1-2: Ball 2-2: Ground out 5-3 (Groundball, 25, EV 85.0 MPH)
|
|
Batting: RHB Ryan Salas
|
0-0: Ball 1-0: Called Strike 1-1: Foul Ball, location: 2F 1-2: Ball 2-2: Ground out 4-3 (Groundball, 4, EV 106.9 MPH)
|
|
Batting: RHB Josh Shoemaker
|
0-0: SINGLE (Groundball, 6MS, EV 99.4 MPH)
|
|
Batting: LHB Bobby Scott
|
0-0: Foul Ball, location: 2F 0-1: Ball 1-1: Swinging Strike 1-2: Foul Ball, location: 2F 1-2: Strikes out looking
|
| Top of the 4th over - 0 runs, 1 hit, 0 errors, 1 left on base; Texas (APP) 1 - Greeneville 0 |
| BOTTOM OF THE 4TH |
|
Greeneville Astros batting - Pitching for Texas (APP) Rangers : RHP Rick Madden
|
|
Batting: SHB Rory Mozer
|
0-0: Called Strike 0-1: Ball 1-1: SINGLE (Groundball, 34D, EV 108.1 MPH)
|
|
Batting: LHB Josh Glass
|
0-0: Foul Ball, location: 2F 0-1: Ball Wild Pitch! Rory Mozer to second 1-1: Foul Ball, location: 2F 1-2: Ball 2-2: Foul Ball, location: 2F 2-2: Strikes out looking
|
|
Batting: LHB Guadalupe Gonzalez
|
0-0: Ball 1-0: Swinging Strike 1-1: Foul Ball, location: 2F 1-2: Foul Ball, location: 2F 1-2: Strikes out looking
|
|
Batting: RHB Jamie Walker
|
0-0: Ball 1-0: Called Strike 1-1: Fly out, F8 (Flyball, 8LD, EV 95.0 MPH)
|
| Bottom of the 4th over - 0 runs, 1 hit, 0 errors, 1 left on base; Texas (APP) 1 - Greeneville 0 |
| TOP OF THE 5TH |
|
Texas (APP) Rangers batting - Pitching for Greeneville Astros : RHP David Sanchez
|
|
Batting: SHB Tyler Romo
|
0-0: Foul Ball, location: 2F 0-1: Foul Ball, location: 2F 0-2: Fly out, F7 (Line Drive, 78D, EV 92.5 MPH)
|
|
Batting: RHB Pat Martin
|
0-0: Ball 1-0: Called Strike 1-1: Foul Ball, location: 2F 1-2: Strikes out looking
|
|
Batting: SHB Tim Rogers
|
0-0: Called Strike 0-1: Ground out 5-3 (Groundball, 56S, EV 91.2 MPH)
|
| Top of the 5th over - 0 runs, 0 hits, 0 errors, 0 left on base; Texas (APP) 1 - Greeneville 0 |
| BOTTOM OF THE 5TH |
|
Greeneville Astros batting - Pitching for Texas (APP) Rangers : RHP Rick Madden
|
|
Batting: RHB Josh Reisner
|
0-0: Fly out, F9 (Flyball, 9, EV 78.8 MPH)
|
|
Batting: LHB Bob Neale
|
0-0: Swinging Strike 0-1: Fly out, F8 (Flyball, 8LD, EV 103.1 MPH)
|
|
Batting: LHB Casper Significant
|
0-0: Ball 1-0: Ground out 4-3 (Groundball, 4, EV 88.1 MPH)
|
| Bottom of the 5th over - 0 runs, 0 hits, 0 errors, 0 left on base; Texas (APP) 1 - Greeneville 0 |
| TOP OF THE 6TH |
|
Texas (APP) Rangers batting - Pitching for Greeneville Astros : RHP David Sanchez
|
|
Batting: RHB Evan Fry
|
0-0: Ball 1-0: Ball 2-0: Foul Ball, location: 2F 2-1: Foul Ball, location: 2F 2-2: Ball 3-2: Foul Ball, location: 2F 3-2: Foul Ball, location: 2F 3-2: Base on Balls
|
|
Batting: RHB Jerry Foster
|
0-0: Ball 1-0: Swinging Strike 1-1: Swinging Strike 1-2: Strikes out swinging
|
|
Pitching: LHP Joe Sellick
|
|
|
Batting: LHB Alex Rivera
|
0-0: Swinging Strike 0-1: Called Strike 0-2: Fly out, F7 (Flyball, 7S, EV 95.0 MPH)
|
|
Batting: RHB Ryan Salas
|
0-0: Called Strike Evan Fry is caught stealing 2nd base 2-4
|
| Top of the 6th over - 0 runs, 0 hits, 0 errors, 0 left on base; Texas (APP) 1 - Greeneville 0 |
| BOTTOM OF THE 6TH |
|
Greeneville Astros batting - Pitching for Texas (APP) Rangers : RHP Rick Madden
|
|
Batting: RHB Daniel Gladkowski
|
0-0: Ball 1-0: Ground out 6-3 (Groundball, 56, EV 85.0 MPH)
|
|
Batting: SHB Steve Ramsey
|
0-0: Called Strike 0-1: Foul Ball, location: 2F 0-2: Strikes out swinging
|
|
Batting: SHB Rory Mozer
|
0-0: Foul Ball, location: 2F 0-1: Foul Ball, location: 2F 0-2: Strikes out swinging
|
| Bottom of the 6th over - 0 runs, 0 hits, 0 errors, 0 left on base; Texas (APP) 1 - Greeneville 0 |
| TOP OF THE 7TH |
|
Texas (APP) Rangers batting - Pitching for Greeneville Astros : LHP Joe Sellick
|
|
Batting: RHB Ryan Salas
|
0-0: Swinging Strike 0-1: Ground out 3-1 (Groundball, 34, EV 103.8 MPH)
|
|
Batting: RHB Josh Shoemaker
|
0-0: Ball 1-0: Ball 2-0: Ball 3-0: Called Strike 3-1: Swinging Strike 3-2: Foul Ball, location: 2F 3-2: Strikes out swinging
|
|
Batting: LHB Bobby Scott
|
0-0: Called Strike 0-1: Called Strike 0-2: Ground out 3-1 (Groundball, 34, EV 104.4 MPH)
|
| Top of the 7th over - 0 runs, 0 hits, 0 errors, 0 left on base; Texas (APP) 1 - Greeneville 0 |
| BOTTOM OF THE 7TH |
|
Greeneville Astros batting - Pitching for Texas (APP) Rangers : RHP Rick Madden
|
|
Batting: LHB Josh Glass
|
0-0: Called Strike 0-1: Foul Ball, location: 2F 0-2: Ball 1-2: Ball 2-2: Foul Ball, location: 2F 2-2: Ball 3-2: Ground out 4-3 (Groundball, 4, EV 76.9 MPH)
|
|
Batting: LHB Guadalupe Gonzalez
|
0-0: Ball 1-0: Fly out, F9 (Flyball, 9, EV 90.0 MPH)
|
|
Batting: RHB Jamie Walker
|
0-0: Ball 1-0: Foul Ball, location: 2F 1-1: Ball 2-1: Called Strike 2-2: Foul Ball, location: 2F 2-2: Ball 3-2: Ground out U3 (Groundball, 34S, EV 82.5 MPH)
|
| Bottom of the 7th over - 0 runs, 0 hits, 0 errors, 0 left on base; Texas (APP) 1 - Greeneville 0 |
| TOP OF THE 8TH |
|
Texas (APP) Rangers batting - Pitching for Greeneville Astros : LHP Joe Sellick
|
|
Batting: SHB Tyler Romo
|
0-0: Foul Ball, location: 2F 0-1: Ball 1-1: Foul Ball, location: 2F 1-2: Hit by Pitch
|
|
Pitching: RHP Marc Marchand
|
|
|
Batting: RHB Pat Martin
|
0-0: Called Strike Tyler Romo is caught stealing 2nd base 2-4 0-1: Foul Ball, location: 2F 0-2: Ball 1-2: Strikes out swinging
|
|
Batting: SHB Tim Rogers
|
0-0: SINGLE (Groundball, 6MD, EV 101.2 MPH)
|
|
Batting: RHB Evan Fry
|
0-0: Ball Tim Rogers steals 2nd base 1-0: Ball 2-0: Ball 3-0: Base on Balls
|
|
Batting: RHB Jerry Foster
|
0-0: Ball 1-0: Ball 2-0: Foul Ball, location: 2F 2-1: Fly out, F3 (Popup, 3S, EV 66.9 MPH)
|
| Top of the 8th over - 0 runs, 1 hit, 0 errors, 2 left on base; Texas (APP) 1 - Greeneville 0 |
| BOTTOM OF THE 8TH |
|
Greeneville Astros batting - Pitching for Texas (APP) Rangers : RHP Rick Madden
|
|
Pitching: RHP Tamirat Abboud
|
|
|
Pinch Hitting: LHB Bert Middleton
|
0-0: Ball 1-0: Called Strike 1-1: Called Strike 1-2: Ball 2-2: Ball 3-2: Ground out 4-3 (Groundball, 4, EV 106.2 MPH)
|
|
Batting: LHB Bob Neale
|
0-0: SINGLE (Groundball, 6MD, EV 101.2 MPH)
|
|
Pinch Hitting: RHB Edward Chan
|
0-0: Ball 1-0: Ball 2-0: Called Strike 2-1: Swinging Strike 2-2: Ball 3-2: Base on Balls Bob Neale to second
|
|
Pinch Hitting: RHB Fernando Acosta
|
0-0: Foul Ball, location: 2F 0-1: Ball 1-1: Fielders Choice at 2nd, 4-6 (Groundball, 4, EV 110.0 MPH) Bob Neale to third
|
|
Batting: SHB Steve Ramsey
|
0-0: Foul Ball, location: 2F 0-1: Swinging Strike 0-2: Ball 1-2: Strikes out swinging
|
| Bottom of the 8th over - 0 runs, 1 hit, 0 errors, 2 left on base; Texas (APP) 1 - Greeneville 0 |
| TOP OF THE 9TH |
|
Texas (APP) Rangers batting - Pitching for Greeneville Astros : RHP Marc Marchand
|
|
Pitching: LHP Jim Leeman
|
|
|
Now at C: Luis Arroyo
|
|
|
Now at 2B: Rory Mozer
|
|
|
Now at 3B: Kenny Beall
|
|
|
Now at SS: Fernando Acosta
|
|
|
Pinch Hitting: SHB Albert Ortiz
|
0-0: Ball 1-0: Foul Ball, location: 2F 1-1: Called Strike 1-2: Strikes out swinging
|
|
Pitching: RHP Marty Jackson
|
|
|
Batting: RHB Ryan Salas
|
0-0: Ball 1-0: Called Strike 1-1: Ball 2-1: Called Strike 2-2: Ball 3-2: Foul Ball, location: 2F 3-2: Base on Balls
|
|
Batting: RHB Josh Shoemaker
|
0-0: Swinging Strike 0-1: Ball 1-1: Foul Ball, location: 2F 1-2: Fielders Choice at 2nd, 5-4 (Groundball, 56, EV 92.5 MPH)
|
|
Batting: LHB Bobby Scott
|
0-0: Ball 1-0: SINGLE (Line Drive, 4D, EV 97.5 MPH) Josh Shoemaker to second Runner from 2nd tries for 3rd, SAFE, throw by RF made to third
|
|
Batting: SHB Tyler Romo
|
0-0: Fly out, F6 (Popup, 6M, EV 78.8 MPH)
|
| Top of the 9th over - 0 runs, 1 hit, 0 errors, 2 left on base; Texas (APP) 1 - Greeneville 0 |
| BOTTOM OF THE 9TH |
|
Greeneville Astros batting - Pitching for Texas (APP) Rangers : RHP Tamirat Abboud
|
|
Pitching: RHP Seved Landgre
|
|
|
Now at C: Albert Ortiz
|
|
|
Batting: SHB Rory Mozer
|
0-0: Ground out U3 (Groundball, 3L, EV 102.5 MPH)
|
|
Batting: LHB Josh Glass
|
0-0: Ball 1-0: Ball 2-0: Called Strike 2-1: Swinging Strike 2-2: Ball 3-2: Base on Balls
|
|
Batting: LHB Guadalupe Gonzalez
|
0-0: Called Strike 0-1: Ball 1-1: Ball 2-1: Foul Ball, location: 2F 2-2: Foul Ball, location: 2F 2-2: Strikes out looking
|
|
Batting: RHB Jamie Walker
|
0-0: Called Strike 0-1: Ball Passed Ball! Josh Glass to second 1-1: Called Strike 1-2: Ball 2-2: Ball 3-2: Strikes out swinging
|
| Bottom of the 9th over - 0 runs, 0 hits, 0 errors, 1 left on base; Texas (APP) 1 - Greeneville 0 |
|